 Dungeon Crawl Stone Soup version 0.22-a0-179-gb5258fd (webtiles) character file.

38 wolfsongas the Protected (level 3, 0/28 HPs)
             Began as a Gnoll Wanderer on Feb 13, 2018.
             Slain by a gnoll
             ... wielding a +0 club
              (1 damage)
             ... on level 1 of the Dungeon.
             The game lasted 00:01:49 (1016 turns).

wolfsongas the Protected (Gnoll Wanderer)           Turns: 1016, Time: 00:01:50

Health: 0/28       AC: 11    Str: 16    XL:     3   Next: 43%
Magic:  4/4        EV:  9    Int: 15    God:
Gold:   22         SH:  0    Dex: 12    Spells: 3/3 levels left

rFire    . . .     SeeInvis .   b - +0 dagger
rCold    . . .     Gourm    .   (no shield)
rNeg     . . .     Faith    .   a - +3 scale mail
rPois    .         Spirit   .   (no helmet)
rElec    .         Reflect  .   (no cloak)
rCorr    .         Harm     .   (no gloves)
MR       .....                  (no boots)
Stlth    +.........             (no amulet)
HPRegen  0.09/turn              (no ring)
MPRegen  0.09/turn              (no ring)

@: no status effects
A: distributed training, fangs 1, strong nose
a: no special abilities


You were on level 1 of the Dungeon.
You were not hungry.

You visited 1 branch of the dungeon, and saw 2 of its levels.

You collected 22 gold pieces.

Inventory:

Hand Weapons
 b - a +0 dagger (weapon)
 e - a +0 spear
 i - a +0 hand crossbow
Missiles
 c - 24 bolts
Armour
 a - a +3 scale mail (worn)
Jewellery
 j - an uncursed ring of ice
Scrolls
 d - a scroll of teleportation
Potions
 h - a potion of agility {unknown}
Comestibles
 f - a ration


   Skills:
 + Level 2.6 Fighting
 + Level 0.7 Short Blades
 + Level 0.7 Long Blades
 + Level 0.7 Axes
 + Level 0.7 Maces & Flails
 + Level 0.7 Polearms
 + Level 0.7 Staves
 + Level 0.7 Slings
 + Level 0.7 Bows
 + Level 0.7 Crossbows
 + Level 2.6 Throwing
 + Level 8.5 Armour
 + Level 0.7 Dodging
 + Level 2.3 Stealth
 + Level 0.7 Shields
 + Level 0.7 Unarmed Combat
 + Level 0.7 Spellcasting
 + Level 0.5 Conjurations
 + Level 0.5 Hexes
 + Level 0.5 Charms
 + Level 0.5 Summonings
 + Level 0.5 Necromancy
 + Level 0.5 Translocations
 + Level 0.5 Transmutations
 + Level 0.5 Fire Magic
 + Level 0.5 Ice Magic
 + Level 0.5 Air Magic
 + Level 5.4 Earth Magic
 + Level 0.5 Poison Magic
 + Level 0.9 Invocations
 + Level 0.7 Evocations


You had 3 spell levels left.
You didn't know any spells.

Dungeon Overview and Level Annotations

Branches:
Dungeon (2/15)

Altars:


Innate Abilities, Weirdness & Mutations

Your experience applies equally to all skills.
You have very sharp teeth.
Your uncanny sense of smell can sniff out nearby items.


Message History

The adder misses you.
You hit the gnoll but do no damage.
The gnoll is moderately wounded.
The gnoll hits you with a club. The adder barely misses you.
The gnoll closely misses you.
You can't go down here!
The gnoll hits you with a club. The adder bites you but does no damage.
The gnoll hits you but does no damage.
You climb upwards.
There is a stone staircase leading down here.
The gnoll hits you with a whip.
* * * LOW HITPOINT WARNING * * *
The adder bites you.
* * * LOW HITPOINT WARNING * * *
You see here a gnoll corpse.
You closely miss the adder. The adder closely misses you.
The gnoll hits you but does no damage.
You miss the adder. The adder bites you but does no damage.
The gnoll hits you with a club.
You die...

####### ########## #.....#
#........# #.....#
#........# #.....##
#........# #......#
#........#
####.#.#######'##.###
########.#.#.#####.##.##.
#.......@#.#..........##.
#......gSg...............
#......).#.#.#.#####.....
#........#.#...........##
###........#.####.#.#......
#........)(#......#.#.#.###
#........).########........
#..........((.............#
#.....#.....#########...##.


You could see 2 gnolls and an adder.

Vanquished Creatures
  2 gnolls (D:1)
  A dart slug (D:1)
  A leopard gecko (D:1)
  A giant cockroach (D:1)
  5 hobgoblins (D:1)
  3 bats (D:1)
  3 kobolds (D:1)
  A rat (D:1)
17 creatures vanquished.

Notes
Turn   | Place    | Note
-------+----------+-------------------------------------------
     0 | D:1      | wolfsongas the Gnoll Wanderer began the quest for the Orb.
     0 | D:1      | wolfsongas set off with: a +2 scale mail, a +0 hand crossbow, 27 bolts, a scroll of teleportation, a ration
     0 | D:1      | Reached XP level 1. HP: 17/17 MP: 1/1
   148 | D:1      | Reached XP level 2. HP: 22/23 MP: 2/2
   890 | D:1      | Reached XP level 3. HP: 20/28 MP: 3/3
  1014 | D:1      | HP: 1/28 [adder (4)]
  1016 | D:1      | Slain by a gnoll

Vault maps used:
D:1:      lemuel_arrival_cross, grunt_decor_one_mirror, serial_park_tiny_pond
D:2:      fedhas_altar_4, uniq_crazy_yiuf_cottage

Action                   || total
-------------------------++-------
Melee: Dagger            ||   116
       Bite              ||    12
 Fire: Hand crossbow     ||    19
  Use: Scroll            ||     2
       Potion            ||     1
  Eat: Ration            ||     1
Armor: Scale mail        ||    77
       Skin              ||   118
Dodge: Dodged            ||    89

Table legend:
 A = Spawn XP
 B = Non-spawn XP
 C = Spawn XP percentage of total XP
 D = Spawn monster count
 E = Non-spawn monster count
 F = Spawn count percentage of total count
 G = Total turns spent on level
                    A         B        C        D         E        F      G
               +---------+---------+-------+---------+---------+-------+---------
         Total |       0 |      55 |   0.0 |       0 |      17 |   0.0 |  1016
               +---------+---------+-------+---------+---------+-------+---------
           D:1 |       0 |      55 |   0.0 |       0 |      17 |   0.0 |  1006
               +---------+---------+-------+---------+---------+-------+---------
